Sabres vs MapleLeafs

Created - January-06-14 at 17:32

Goals
1 2 3 T
Sabres 3 0 0 3
MapleLeafs 1 3 0 4
Shots
1 2 3 T
Sabres 14 10 11 35
MapleLeafs 5 17 5 27

1st period

1. Sabres , Troy Brouwer 9 (Matt Duchene) at 2:03
2. Sabres , Troy Brouwer 10 (Kevin Klein, Matt Duchene) at 4:53
3. MapleLeafs , Nick Leddy 2 (Raffi Torres) at 7:48
4. Sabres , Evander Kane 16 (Mike Fisher, Jason Pominville) at 17:59 (PP)

Penalties :
Evander Kane (BUF) for Holding (Minor) at 5:32, Ryan Callahan (TOR) for Roughing (Double Minor) at 10:54, Brian Lashoff (TOR) for Hooking (Minor) at 16:18, Evander Kane (BUF) for Slashing (Minor) at 19:24

2nd period

5. MapleLeafs , Derek Dorsett 6 (Drew Doughty, Raffi Torres) at 1:11 (PP)
6. MapleLeafs , Adam Henrique 10 (Derek Dorsett, Drew Doughty) at 7:33
7. MapleLeafs , Steve Sullivan 2 (Drew Doughty, Nick Leddy) at 9:40

Penalties :
Johnny Oduya (BUF) for High sticking (Minor) at 1:27, Raffi Torres (TOR) for Roughing (Minor) at 2:08, Dan Girardi (BUF) for Tripping (Minor) at 2:08, Evander Kane (BUF) for Holding (Minor) at 4:08, Dan Girardi (BUF) for Roughing (Minor) at 4:41

3rd period

No Goal

Penalties :
Ryan Callahan (TOR) for Hooking (Minor) at 1:11, Dan Girardi (BUF) for Roughing (Minor) at 4:20, Ryan Callahan (TOR) for Hooking (Minor) at 12:39

Goalie Stats

Ondrej Pavelec (BUF), 23 saves from 27 shots - (0.852), L, 19-10-4, 60:00 minutes
Ryan Miller (TOR), 32 saves from 35 shots - (0.914), W, 17-10-5, 60:00 minutes

Players Stats for Sabres

Player Name              G  A  P  +/- PIM S  H  SB GA TA FO     MP     PP MP  PK MP  
------------------------------------------------------------------------------------
Brad Stuart              0  0  0  -1  0   3  2  1  0  0  0/0    13:36   0:00   1:57 
Dan Cleary               0  0  0   0  0   1  0  0  0  0  0/0     2:54   0:00   0:00 
Dan Girardi              0  0  0   0  6   4  3  3  0  0  0/0    25:40   5:47   2:48 
Daniel Winnik            0  0  0  -1  0   2  1  0  0  0  2/2    13:08   0:00   4:52 
Evander Kane             1  0  1  -1  6   3  3  0  0  0  1/3    17:28   4:45   0:00 
Jason Pominville         0  1  1  -1  0   2  0  0  0  0  2/2    20:11   4:45   2:40 
Joel Ward                0  0  0  -1  0   0  0  0  0  0  0/0     8:16   0:00   0:00 
Johnny Oduya             0  0  0   0  2   0  0  1  0  0  0/0    16:08   0:00   4:48 
Kevin Klein              0  1  1  -1  0   1  0  3  0  0  0/0    20:08   3:51   4:46 
Matt Duchene             0  2  2   1  0   6  2  1  0  0  23/39  23:04   4:53   2:01 
Mike Fisher              0  1  1  -1  0   2  3  0  0  0  18/34  23:06   4:45   5:35 
Oliver Ekman-Larsson     0  0  0   0  0   0  1  2  0  0  0/0    28:58   5:47   5:57 
Patrick Kaleta           0  0  0   0  0   0  0  0  0  0  0/0     2:54   0:00   0:00 
Paul Gaustad             0  0  0  -1  0   0  1  0  0  0  6/13   10:56   0:00   2:40 
Thomas Vanek             0  0  0   1  0   2  0  1  0  0  1/3    21:03   4:53   0:00 
Tom Pyatt                0  0  0   0  0   0  0  0  0  0  3/4     2:54   0:00   0:00 
Troy Brouwer             2  0  2   1  0   5  4  0  0  0  1/1    20:22   4:53   0:00 
Tyler Myers              0  0  0   0  0   4  4  1  0  0  0/0    15:26   3:51   0:14 

Players Stats for MapleLeafs

Player Name              G  A  P  +/- PIM S  H  SB GA TA FO     MP     PP MP  PK MP  
------------------------------------------------------------------------------------
Adam Hall                0  0  0   0  0   0  0  0  0  0  1/2     2:54   0:00   0:00 
Adam Henrique            1  0  1   0  0   4  0  0  0  0  3/8    22:33   4:06   4:44 
Brian Lashoff            0  0  0   0  2   0  1  3  0  0  0/0    10:19   0:00   2:18 
Derek Dorsett            1  1  2   0  0   2  5  1  0  0  5/10   17:45   4:06   0:00 
Drew Doughty             0  3  3   2  0   4  4  4  0  0  0/0    28:57   5:18   5:29 
Evgeni Malkin            0  0  0  -1  0   1  0  0  0  0  9/25   19:24   4:52   0:00 
Greg Zanon               0  0  0  -1  0   2  2  1  0  0  0/0    24:39   5:18   4:09 
Hal Gill                 0  0  0   1  0   0  0  1  0  0  0/0     9:04   0:00   0:00 
Jonathan Ericsson        0  0  0   0  0   0  0  0  0  0  0/0     0:00   0:00   0:00 
Nick Leddy               1  1  2   1  0   4  0  2  0  0  0/0    26:17   3:40   5:29 
Patrick Marleau          0  0  0  -1  0   2  1  0  0  0  1/6    21:02   4:52   0:00 
Raffi Torres             0  2  2   2  2   1  4  0  0  0  0/0    14:24   4:05   0:00 
Rostislav Klesla         0  0  0  -1  0   0  3  3  0  0  0/0    23:01   3:40   4:09 
Ryan Callahan            0  0  0  -1  8   2  3  0  0  0  0/2    21:25   4:52   0:52 
Ryan Carter              0  0  0   0  0   0  0  0  0  0  2/4     6:33   0:00   4:51 
Steve Sullivan           1  0  1   2  0   3  0  0  0  0  0/2    10:19   0:00   0:00 
Vernon Fiddler           0  0  0   2  0   1  0  0  0  0  14/28  16:50   0:00   6:31 
Vincent Lecavalier       0  0  0   0  0   1  0  0  0  0  9/14   12:52   0:00   0:00 

3 Stars

1 - Troy Brouwer (BUF)
2 - Drew Doughty (TOR)
3 - Derek Dorsett (TOR)

Power Play

Sabres - 1 on 5 Attempt(s) - 20.00%
MapleLeafs - 1 on 6 Attempt(s) - 16.67%

Penalty Kill

Sabres - 5 on 6 Attempt(s) - 83.33% - Score 0 goal in Penalty Kill
MapleLeafs - 4 on 5 Attempt(s) - 80.00% - Score 0 goal in Penalty Kill

Official

Referees : Mark Lemelin and Greg Kimmerly
Linesman : Steve Miller and Steve Barton

Game Notes

No Game Note

Finance

Level 1 -- Attendance: 4958 (76.28%) -- Ticket Income $594,960
Level 2 -- Attendance: 5000 (100.00%) -- Ticket Income $375,000
Level 3 -- Attendance: 2005 (57.29%) -- Ticket Income $140,350
Level 4 -- Attendance: 1504 (53.35%) -- Ticket Income $90,240
Luxury Box -- Attendance: 894 (89.40%) -- Ticket Income $196,680
Game was played at the Air Canada Center
Total Attendance: 14361 (76.31%)
Total Ticket Income: $1,397,230
Other Income: $209,584
Total Income: $1,606,814


% Time on Ice - Sabres

Lines # - Real PCT - Wanted PCT - Time Play
Normal Forward
1 - 38% - 40% - 14:34
2 - 33% - 35% - 12:46
3 - 21% - 20% - 8:16
4 - 8% - 5% - 2:54
Normal Defense
1 - 42% - 40% - 16:11
2 - 30% - 28% - 11:31
3 - 28% - 27% - 10:48
4 - 0% - 5% - 0:00
PP Forward
1 - 51% - 55% - 4:53
2 - 49% - 45% - 4:45
PP Defense
1 - 60% - 55% - 5:47
2 - 40% - 45% - 3:51
PK Forward
1 - 65% - 55% - 4:52
2 - 35% - 45% - 2:40
PK Defense
1 - 62% - 55% - 4:39
2 - 38% - 45% - 2:53
PK3 Forward
1 - 74% - 55% - 2:01
2 - 26% - 45% - 0:43
PK3 Defense
1 - 70% - 55% - 1:54
2 - 30% - 45% - 0:50
44 Forward
1 - 100% - 60% - 0:41
2 - 0% - 40% - 0:00
44 Defense
1 - 20% - 60% - 0:08
2 - 80% - 40% - 0:33
Last Minute Offensive  - 0:55
Last Minute Defensive  - 0:00
Total
Forward - 60:00
Defense - 60:00

% Time on Ice - MapleLeafs

Lines # - Real PCT - Wanted PCT - Time Play
Normal Forward
1 - 37% - 35% - 14:32
2 - 33% - 30% - 12:52
3 - 27% - 27% - 10:19
4 - 3% - 8% - 1:11
Normal Defense
1 - 19% - 40% - 7:23
2 - 37% - 30% - 14:25
3 - 21% - 20% - 8:02
4 - 23% - 10% - 9:04
PP Forward
1 - 54% - 50% - 4:52
2 - 46% - 50% - 4:06
PP Defense
1 - 59% - 60% - 5:18
2 - 41% - 40% - 3:40
PK Forward
1 - 68% - 55% - 6:31
2 - 32% - 45% - 3:07
PK Defense
1 - 57% - 60% - 5:29
2 - 43% - 40% - 4:09
PK3 Forward
1 - 0% - 50%
2 - 0% - 50%
PK3 Defense
1 - 0% - 60%
2 - 0% - 40%
44 Forward
1 - 61% - 50% - 1:12
2 - 39% - 50% - 0:47
44 Defense
1 - 61% - 60% - 1:12
2 - 39% - 40% - 0:47
Last Minute Offensive  - 0:00
Last Minute Defensive  - 0:31
Total
Forward - 60:00
Defense - 60:00

Play by Play

1st period


0:01 of 1st period - Matt Duchene wins face-off versus Evgeni Malkin in neutral zone.
0:11 of 1st period - Icing by Drew Doughty.
0:12 of 1st period - Mike Fisher wins face-off versus Evgeni Malkin in MapleLeafs zone.
0:44 of 1st period - Evgeni Malkin is hit by Brad Stuart and loses puck.
2:03 of 1st period - Shot by Troy Brouwer.
2:03 of 1st period - Goal by Troy Brouwer - Sabres : 1 - MapleLeafs : 0.
2:04 of 1st period - Vernon Fiddler wins face-off versus Paul Gaustad in neutral zone.
2:25 of 1st period - Joel Ward is hit by Drew Doughty and loses puck.
3:02 of 1st period - Drew Doughty is hit by Paul Gaustad and loses puck.
3:41 of 1st period - Icing by Tyler Myers.
3:42 of 1st period - Ryan Carter wins face-off versus Tom Pyatt in Sabres zone.
3:45 of 1st period - Shot by Adam Henrique.
3:45 of 1st period - Deflect By Ryan Carter.
3:45 of 1st period - Shot Blocked by Tyler Myers.
4:25 of 1st period - Icing by Kevin Klein.
4:26 of 1st period - Matt Duchene wins face-off versus Evgeni Malkin in Sabres zone.
4:49 of 1st period - Shot by Kevin Klein.
4:49 of 1st period - Shot Blocked by Brian Lashoff.
4:51 of 1st period - Shot by Troy Brouwer.
4:51 of 1st period - Shot Misses the Net.
4:53 of 1st period - Shot by Troy Brouwer.
4:53 of 1st period - Goal by Troy Brouwer - Sabres : 2 - MapleLeafs : 0.
4:54 of 1st period - Adam Henrique wins face-off versus Mike Fisher in neutral zone.
5:10 of 1st period - Shot by Adam Henrique.
5:10 of 1st period - Shot Misses the Net.
5:16 of 1st period - Vincent Lecavalier is hit by Evander Kane and loses puck.
5:32 of 1st period - Minor Penalty to Evander Kane for Holding.
5:33 of 1st period - Evgeni Malkin wins face-off versus Mike Fisher in Sabres zone.
5:34 of 1st period - Shot by Drew Doughty.
5:34 of 1st period - Shot Hit the Post.
5:36 of 1st period - Shot by Greg Zanon.
5:36 of 1st period - Shot Misses the Net.
5:38 of 1st period - Shot by Ryan Callahan.
5:38 of 1st period - Shot Misses the Net.
5:40 of 1st period - Shot by Evgeni Malkin.
5:40 of 1st period - Shot Blocked by Kevin Klein.
5:49 of 1st period - Icing by Evgeni Malkin.
5:50 of 1st period - Evgeni Malkin wins face-off versus Mike Fisher in MapleLeafs zone.
5:50 of 1st period - Evgeni Malkin is hit by Mike Fisher.
5:56 of 1st period - Dan Girardi is hit by Ryan Callahan.
6:07 of 1st period - Icing by Drew Doughty.
6:08 of 1st period - Evgeni Malkin wins face-off versus Paul Gaustad in MapleLeafs zone.
6:20 of 1st period - Shot by Ryan Callahan.
6:20 of 1st period - Stopped by Ondrej Pavelec without a rebound.
6:21 of 1st period - Mike Fisher wins face-off versus Derek Dorsett in Sabres zone.
6:36 of 1st period - Shot by Nick Leddy.
6:36 of 1st period - Stopped by Ondrej Pavelec without a rebound.
6:37 of 1st period - Paul Gaustad wins face-off versus Evgeni Malkin in Sabres zone.
6:37 of 1st period - Paul Gaustad is hit by Ryan Callahan.
7:03 of 1st period - Shot by Evgeni Malkin.
7:03 of 1st period - Stopped by Ondrej Pavelec without a rebound.
7:04 of 1st period - Derek Dorsett wins face-off versus Paul Gaustad in Sabres zone.
7:21 of 1st period - Shot by Daniel Winnik.
7:21 of 1st period - Stopped by Ryan Miller without a rebound.
7:22 of 1st period - Evgeni Malkin wins face-off versus Mike Fisher in MapleLeafs zone.
7:22 of 1st period - Evgeni Malkin is hit by Daniel Winnik.
7:46 of 1st period - Shot by Nick Leddy.
7:46 of 1st period - Shot Misses the Net.
7:48 of 1st period - Shot by Nick Leddy.
7:48 of 1st period - Goal by Nick Leddy - Sabres : 2 - MapleLeafs : 1.
7:49 of 1st period - Daniel Winnik wins face-off versus Patrick Marleau in neutral zone.
8:53 of 1st period - Adam Henrique is hit by Brad Stuart and loses puck.
9:04 of 1st period - Shot by Troy Brouwer.
9:04 of 1st period - Shot Blocked by Nick Leddy.
9:12 of 1st period - Shot by Troy Brouwer.
9:12 of 1st period - Shot Misses the Net.
9:18 of 1st period - Shot by Troy Brouwer.
9:18 of 1st period - Shot Blocked by Drew Doughty.
10:09 of 1st period - Shot by Evander Kane.
10:09 of 1st period - Deflect By Jason Pominville.
10:09 of 1st period - Stopped by Ryan Miller without a rebound.
10:10 of 1st period - Tom Pyatt wins face-off versus Vernon Fiddler in MapleLeafs zone.
10:14 of 1st period - Icing by Greg Zanon.
10:15 of 1st period - Paul Gaustad wins face-off versus Vernon Fiddler in MapleLeafs zone.
10:23 of 1st period - Icing by Greg Zanon.
10:24 of 1st period - Matt Duchene wins face-off versus Vernon Fiddler in MapleLeafs zone.
10:48 of 1st period - Icing by Oliver Ekman-Larsson.
10:49 of 1st period - Thomas Vanek wins face-off versus Ryan Callahan in Sabres zone.
10:51 of 1st period - Icing by Oliver Ekman-Larsson.
10:52 of 1st period - Patrick Marleau wins face-off versus Matt Duchene in Sabres zone.
10:54 of 1st period - Double Minor Penalty to Ryan Callahan for Roughing.
10:55 of 1st period - Vernon Fiddler wins face-off versus Matt Duchene in MapleLeafs zone.
11:31 of 1st period - Icing by Dan Girardi.
11:32 of 1st period - Vernon Fiddler wins face-off versus Matt Duchene in Sabres zone.
11:46 of 1st period - Shot by Matt Duchene.
11:46 of 1st period - Shot Misses the Net.
11:52 of 1st period - Shot by Matt Duchene.
11:52 of 1st period - Stopped by Ryan Miller without a rebound.
11:53 of 1st period - Adam Henrique wins face-off versus Mike Fisher in MapleLeafs zone.
12:47 of 1st period - Shot by Adam Henrique.
12:47 of 1st period - Stopped by Ondrej Pavelec without a rebound.
12:48 of 1st period - Vernon Fiddler wins face-off versus Matt Duchene in Sabres zone.
13:11 of 1st period - Shot by Dan Girardi.
13:11 of 1st period - Stopped by Ryan Miller without a rebound.
13:12 of 1st period - Vernon Fiddler wins face-off versus Matt Duchene in MapleLeafs zone.
13:17 of 1st period - Shot by Dan Girardi.
13:17 of 1st period - Stopped by Ryan Miller without a rebound.
13:18 of 1st period - Mike Fisher wins face-off versus Adam Henrique in MapleLeafs zone.
13:28 of 1st period - Icing by Oliver Ekman-Larsson.
13:29 of 1st period - Ryan Carter wins face-off versus Mike Fisher in Sabres zone.
13:35 of 1st period - Icing by Dan Girardi.
13:36 of 1st period - Jason Pominville wins face-off versus Vernon Fiddler in Sabres zone.
13:57 of 1st period - Shot by Oliver Ekman-Larsson.
13:57 of 1st period - Shot Misses the Net.
14:11 of 1st period - Shot by Jason Pominville.
14:11 of 1st period - Stopped by Ryan Miller without a rebound.
14:12 of 1st period - Matt Duchene wins face-off versus Adam Henrique in MapleLeafs zone.
14:13 of 1st period - Shot by Tyler Myers.
14:13 of 1st period - Shot Blocked by Greg Zanon.
14:27 of 1st period - Shot by Matt Duchene.
14:27 of 1st period - Shot Misses the Net.
14:29 of 1st period - Shot by Matt Duchene.
14:29 of 1st period - Shot Misses the Net.
14:31 of 1st period - Shot by Tyler Myers.
14:31 of 1st period - Shot Misses the Net.
14:33 of 1st period - Shot by Thomas Vanek.
14:33 of 1st period - Shot Misses the Net.
14:35 of 1st period - Shot by Tyler Myers.
14:35 of 1st period - Stopped by Ryan Miller without a rebound.
14:36 of 1st period - Mike Fisher wins face-off versus Adam Henrique in MapleLeafs zone.
15:27 of 1st period - Shot by Evgeni Malkin.
15:27 of 1st period - Shot Misses the Net.
15:56 of 1st period - Brad Stuart is hit by Brian Lashoff and loses puck.
16:18 of 1st period - Minor Penalty to Brian Lashoff for Hooking.
16:19 of 1st period - Mike Fisher wins face-off versus Vernon Fiddler in MapleLeafs zone.
16:23 of 1st period - Jason Pominville is hit by Rostislav Klesla and loses puck.
16:26 of 1st period - Shot by Mike Fisher.
16:26 of 1st period - Shot Misses the Net.
16:28 of 1st period - Shot by Evander Kane.
16:28 of 1st period - Shot Blocked by Rostislav Klesla.
16:30 of 1st period - Shot by Dan Girardi.
16:30 of 1st period - Stopped by Ryan Miller without a rebound.
16:31 of 1st period - Matt Duchene wins face-off versus Vernon Fiddler in MapleLeafs zone.
16:44 of 1st period - Shot by Matt Duchene.
16:44 of 1st period - Stopped by Ryan Miller without a rebound.
16:45 of 1st period - Mike Fisher wins face-off versus Adam Henrique in MapleLeafs zone.
17:15 of 1st period - Shot by Jason Pominville.
17:15 of 1st period - Shot Blocked by Rostislav Klesla.
17:17 of 1st period - Shot by Dan Girardi.
17:17 of 1st period - Stopped by Ryan Miller without a rebound.
17:18 of 1st period - Matt Duchene wins face-off versus Adam Henrique in MapleLeafs zone.
17:25 of 1st period - Shot by Thomas Vanek.
17:25 of 1st period - Shot Blocked by Drew Doughty.
17:33 of 1st period - Shot by Troy Brouwer.
17:33 of 1st period - Deflect By Thomas Vanek.
17:33 of 1st period - Shot Blocked by Nick Leddy.
17:35 of 1st period - Shot by Matt Duchene.
17:35 of 1st period - Deflect By Thomas Vanek.
17:35 of 1st period - Stopped by Ryan Miller without a rebound.
17:36 of 1st period - Vernon Fiddler wins face-off versus Evander Kane in MapleLeafs zone.
17:36 of 1st period - Vernon Fiddler is hit by Mike Fisher.
17:59 of 1st period - Shot by Evander Kane.
17:59 of 1st period - Goal by Evander Kane - Sabres : 3 - MapleLeafs : 1.
18:00 of 1st period - Matt Duchene wins face-off versus Evgeni Malkin in neutral zone.
18:07 of 1st period - Icing by Patrick Marleau.
18:08 of 1st period - Matt Duchene wins face-off versus Patrick Marleau in MapleLeafs zone.
18:08 of 1st period - Thomas Vanek is hit by Greg Zanon and loses puck.
18:24 of 1st period - Oliver Ekman-Larsson is hit by Rostislav Klesla and loses puck.
18:44 of 1st period - Shot by Evgeni Malkin.
18:44 of 1st period - Shot Blocked by Oliver Ekman-Larsson.
19:22 of 1st period - Icing by Nick Leddy.
19:23 of 1st period - Vernon Fiddler wins face-off versus Mike Fisher in MapleLeafs zone.
19:23 of 1st period - Vernon Fiddler is hit by Mike Fisher.
19:24 of 1st period - Minor Penalty to Evander Kane for Slashing.
19:25 of 1st period - Derek Dorsett wins face-off versus Mike Fisher in Sabres zone.
19:26 of 1st period - Shot by Drew Doughty.
19:26 of 1st period - Shot Misses the Net.
Goals for this period are 3 for Sabres vs 1 for MapleLeafs.
Shots for this period are 14 for Sabres vs 5 for MapleLeafs.

2nd period


0:01 of 2nd period - Derek Dorsett wins face-off versus Mike Fisher in neutral zone.
0:04 of 2nd period - Shot by Greg Zanon.
0:04 of 2nd period - Shot Blocked by Oliver Ekman-Larsson.
0:06 of 2nd period - Shot by Drew Doughty.
0:06 of 2nd period - Stopped by Ondrej Pavelec without a rebound.
0:07 of 2nd period - Derek Dorsett wins face-off versus Mike Fisher in Sabres zone.
0:08 of 2nd period - Shot by Drew Doughty.
0:08 of 2nd period - Shot Misses the Net.
0:24 of 2nd period - Shot by Drew Doughty.
0:24 of 2nd period - Stopped by Ondrej Pavelec without a rebound.
0:25 of 2nd period - Paul Gaustad wins face-off versus Evgeni Malkin in Sabres zone.
0:51 of 2nd period - Icing by Ryan Callahan.
0:52 of 2nd period - Mike Fisher wins face-off versus Evgeni Malkin in MapleLeafs zone.
0:57 of 2nd period - Shot by Mike Fisher.
0:57 of 2nd period - Stopped by Ryan Miller without a rebound.
0:58 of 2nd period - Mike Fisher wins face-off versus Derek Dorsett in MapleLeafs zone.
1:11 of 2nd period - Shot by Derek Dorsett.
1:11 of 2nd period - Goal by Derek Dorsett - Sabres : 3 - MapleLeafs : 2.
1:12 of 2nd period - Matt Duchene wins face-off versus Evgeni Malkin in neutral zone.
1:12 of 2nd period - Matt Duchene is hit by Ryan Callahan.
1:16 of 2nd period - Ryan Callahan is hit by Troy Brouwer and loses puck.
1:25 of 2nd period - Shot by Ryan Callahan.
1:25 of 2nd period - Stopped by Ondrej Pavelec without a rebound.
1:26 of 2nd period - Vernon Fiddler wins face-off versus Evander Kane in Sabres zone.
1:26 of 2nd period - Vernon Fiddler is hit by Tyler Myers.
1:27 of 2nd period - Minor Penalty to Johnny Oduya for High sticking.
1:28 of 2nd period - Mike Fisher wins face-off versus Derek Dorsett in Sabres zone.
1:28 of 2nd period - Mike Fisher is hit by Derek Dorsett.
2:08 of 2nd period - Minor Penalty to Raffi Torres for Roughing.
2:08 of 2nd period - Minor Penalty to Dan Girardi for Tripping.
2:09 of 2nd period - Matt Duchene wins face-off versus Adam Hall in Sabres zone.
3:20 of 2nd period - Shot by Patrick Marleau.
3:20 of 2nd period - Stopped by Ondrej Pavelec without a rebound.
3:21 of 2nd period - Matt Duchene wins face-off versus Patrick Marleau in Sabres zone.
3:34 of 2nd period - Shot by Patrick Marleau.
3:34 of 2nd period - Stopped by Ondrej Pavelec with a rebound.
3:41 of 2nd period - Off-side.
3:42 of 2nd period - Adam Hall wins face-off versus Matt Duchene in neutral zone.
3:59 of 2nd period - Shot by Matt Duchene.
3:59 of 2nd period - Stopped by Ryan Miller without a rebound.
4:00 of 2nd period - Matt Duchene wins face-off versus Patrick Marleau in MapleLeafs zone.
4:08 of 2nd period - Minor Penalty to Evander Kane for Holding.
4:09 of 2nd period - Mike Fisher wins face-off versus Evgeni Malkin in Sabres zone.
4:41 of 2nd period - Minor Penalty to Dan Girardi for Roughing.
4:42 of 2nd period - Derek Dorsett wins face-off versus Matt Duchene in Sabres zone.
5:04 of 2nd period - Shot by Drew Doughty.
5:04 of 2nd period - Shot Blocked by Matt Duchene.
5:16 of 2nd period - Shot by Adam Henrique.
5:16 of 2nd period - Stopped by Ondrej Pavelec without a rebound.
5:17 of 2nd period - Mike Fisher wins face-off versus Evgeni Malkin in Sabres zone.
5:28 of 2nd period - Shot by Patrick Marleau.
5:28 of 2nd period - Shot Misses the Net.
5:30 of 2nd period - Shot by Nick Leddy.
5:30 of 2nd period - Stopped by Ondrej Pavelec without a rebound.
5:31 of 2nd period - Evgeni Malkin wins face-off versus Matt Duchene in Sabres zone.
5:36 of 2nd period - Shot by Drew Doughty.
5:36 of 2nd period - Stopped by Ondrej Pavelec with a rebound.
5:59 of 2nd period - Shot by Patrick Marleau.
5:59 of 2nd period - Shot Misses the Net.
6:38 of 2nd period - Shot by Nick Leddy.
6:38 of 2nd period - Shot Misses the Net.
7:00 of 2nd period - Shot by Raffi Torres.
7:00 of 2nd period - Stopped by Ondrej Pavelec without a rebound.
7:01 of 2nd period - Vincent Lecavalier wins face-off versus Mike Fisher in Sabres zone.
7:16 of 2nd period - Evander Kane is hit by Derek Dorsett and loses puck.
7:33 of 2nd period - Shot by Derek Dorsett.
7:33 of 2nd period - Deflect By Adam Henrique.
7:33 of 2nd period - Goal by Adam Henrique - Sabres : 3 - MapleLeafs : 3.
7:34 of 2nd period - Evgeni Malkin wins face-off versus Thomas Vanek in neutral zone.
7:34 of 2nd period - Ryan Callahan is hit by Matt Duchene and loses puck.
7:55 of 2nd period - Shot by Matt Duchene.
7:55 of 2nd period - Shot Misses the Net.
8:55 of 2nd period - Shot by Jason Pominville.
8:55 of 2nd period - Shot Blocked by Rostislav Klesla.
9:16 of 2nd period - Off-side.
9:17 of 2nd period - Vernon Fiddler wins face-off versus Paul Gaustad in neutral zone.
9:40 of 2nd period - Shot by Steve Sullivan.
9:40 of 2nd period - Goal by Steve Sullivan - Sabres : 3 - MapleLeafs : 4.
9:41 of 2nd period - Vincent Lecavalier wins face-off versus Thomas Vanek in neutral zone.
9:53 of 2nd period - Icing by Thomas Vanek.
9:54 of 2nd period - Vernon Fiddler wins face-off versus Matt Duchene in Sabres zone.
10:25 of 2nd period - Shot by Troy Brouwer.
10:25 of 2nd period - Shot Hit the Post.
10:27 of 2nd period - Shot by Tyler Myers.
10:27 of 2nd period - Stopped by Ryan Miller without a rebound.
10:28 of 2nd period - Jason Pominville wins face-off versus Vincent Lecavalier in MapleLeafs zone.
10:35 of 2nd period - Shot by Jason Pominville.
10:35 of 2nd period - Shot Blocked by Derek Dorsett.
11:02 of 2nd period - Icing by Evander Kane.
11:03 of 2nd period - Evgeni Malkin wins face-off versus Mike Fisher in Sabres zone.
11:10 of 2nd period - Shot by Evgeni Malkin.
11:10 of 2nd period - Shot Misses the Net.
11:12 of 2nd period - Shot by Hal Gill.
11:12 of 2nd period - Deflect By Evgeni Malkin.
11:12 of 2nd period - Shot Misses the Net.
11:28 of 2nd period - Shot by Evgeni Malkin.
11:28 of 2nd period - Shot Blocked by Dan Girardi.
11:30 of 2nd period - Shot by Drew Doughty.
11:30 of 2nd period - Stopped by Ondrej Pavelec without a rebound.
11:31 of 2nd period - Matt Duchene wins face-off versus Vernon Fiddler in Sabres zone.
11:31 of 2nd period - Matt Duchene is hit by Raffi Torres.
12:11 of 2nd period - Johnny Oduya is hit by Raffi Torres and loses puck.
12:36 of 2nd period - Shot by Daniel Winnik.
12:36 of 2nd period - Shot Misses the Net.
12:49 of 2nd period - Shot by Joel Ward.
12:49 of 2nd period - Shot Misses the Net.
12:51 of 2nd period - Shot by Brad Stuart.
12:51 of 2nd period - Stopped by Ryan Miller with a rebound.
12:53 of 2nd period - Shot by Daniel Winnik.
12:53 of 2nd period - Stopped by Ryan Miller without a rebound.
12:54 of 2nd period - Mike Fisher wins face-off versus Evgeni Malkin in MapleLeafs zone.
12:59 of 2nd period - Shot by Jason Pominville.
12:59 of 2nd period - Shot Blocked by Hal Gill.
13:02 of 2nd period - Icing by Hal Gill.
13:03 of 2nd period - Evander Kane wins face-off versus Evgeni Malkin in MapleLeafs zone.
13:20 of 2nd period - Shot by Evgeni Malkin.
13:20 of 2nd period - Shot Misses the Net.
13:41 of 2nd period - Evgeni Malkin is hit by Dan Girardi and loses puck.
13:57 of 2nd period - Vincent Lecavalier is hit by Oliver Ekman-Larsson and loses puck.
14:08 of 2nd period - Shot by Adam Henrique.
14:08 of 2nd period - Stopped by Ondrej Pavelec without a rebound.
14:09 of 2nd period - Matt Duchene wins face-off versus Steve Sullivan in Sabres zone.
14:44 of 2nd period - Shot by Troy Brouwer.
14:44 of 2nd period - Stopped by Ryan Miller without a rebound.
14:45 of 2nd period - Vincent Lecavalier wins face-off versus Paul Gaustad in MapleLeafs zone.
15:06 of 2nd period - Shot by Tyler Myers.
15:06 of 2nd period - Stopped by Ryan Miller without a rebound.
15:07 of 2nd period - Tom Pyatt wins face-off versus Evgeni Malkin in MapleLeafs zone.
15:49 of 2nd period - Shot by Dan Cleary.
15:49 of 2nd period - Stopped by Ryan Miller without a rebound.
15:50 of 2nd period - Mike Fisher wins face-off versus Vernon Fiddler in MapleLeafs zone.
15:59 of 2nd period - Shot by Mike Fisher.
15:59 of 2nd period - Stopped by Ryan Miller with a rebound.
16:29 of 2nd period - Shot by Vernon Fiddler.
16:29 of 2nd period - Stopped by Ondrej Pavelec without a rebound.
16:30 of 2nd period - Matt Duchene wins face-off versus Vincent Lecavalier in Sabres zone.
16:30 of 2nd period - Matt Duchene is hit by Derek Dorsett.
16:52 of 2nd period - Shot by Derek Dorsett.
16:52 of 2nd period - Stopped by Ondrej Pavelec without a rebound.
16:53 of 2nd period - Paul Gaustad wins face-off versus Ryan Callahan in Sabres zone.
17:06 of 2nd period - Off-side.
17:07 of 2nd period - Matt Duchene wins face-off versus Derek Dorsett in neutral zone.
17:26 of 2nd period - Shot by Greg Zanon.
17:26 of 2nd period - Shot Misses the Net.
17:28 of 2nd period - Shot by Rostislav Klesla.
17:28 of 2nd period - Shot Blocked by Thomas Vanek.
17:30 of 2nd period - Shot by Vincent Lecavalier.
17:30 of 2nd period - Stopped by Ondrej Pavelec with a rebound.
17:55 of 2nd period - Off-side.
17:56 of 2nd period - Mike Fisher wins face-off versus Evgeni Malkin in neutral zone.
18:20 of 2nd period - Off-side.
18:21 of 2nd period - Vernon Fiddler wins face-off versus Paul Gaustad in neutral zone.
18:24 of 2nd period - Paul Gaustad is hit by Raffi Torres and loses puck.
18:41 of 2nd period - Johnny Oduya is hit by Raffi Torres and loses puck.
19:15 of 2nd period - Shot by Jason Pominville.
19:15 of 2nd period - Shot Blocked by Brian Lashoff.
19:17 of 2nd period - Shot by Evander Kane.
19:17 of 2nd period - Shot Blocked by Brian Lashoff.
19:19 of 2nd period - Shot by Evander Kane.
19:19 of 2nd period - Stopped by Ryan Miller without a rebound.
19:20 of 2nd period - Evgeni Malkin wins face-off versus Matt Duchene in MapleLeafs zone.
Goals for this period are 0 for Sabres vs 3 for MapleLeafs.
Shots for this period are 10 for Sabres vs 17 for MapleLeafs.

3rd period


0:01 of 3rd period - Vincent Lecavalier wins face-off versus Mike Fisher in neutral zone.
0:04 of 3rd period - Shot by Adam Henrique.
0:04 of 3rd period - Shot Misses the Net.
0:11 of 3rd period - Dan Girardi is hit by Derek Dorsett and loses puck.
0:15 of 3rd period - Dan Girardi is hit by Drew Doughty and loses puck.
0:24 of 3rd period - Shot by Jason Pominville.
0:24 of 3rd period - Shot Blocked by Drew Doughty.
0:26 of 3rd period - Shot by Oliver Ekman-Larsson.
0:26 of 3rd period - Shot Blocked by Drew Doughty.
1:11 of 3rd period - Minor Penalty to Ryan Callahan for Hooking.
1:12 of 3rd period - Matt Duchene wins face-off versus Vernon Fiddler in MapleLeafs zone.
1:13 of 3rd period - Shot by Troy Brouwer.
1:13 of 3rd period - Shot Misses the Net.
1:15 of 3rd period - Shot by Troy Brouwer.
1:15 of 3rd period - Stopped by Ryan Miller without a rebound.
1:16 of 3rd period - Troy Brouwer wins face-off versus Vernon Fiddler in MapleLeafs zone.
1:25 of 3rd period - Shot by Troy Brouwer.
1:25 of 3rd period - Stopped by Ryan Miller without a rebound.
1:26 of 3rd period - Matt Duchene wins face-off versus Vernon Fiddler in MapleLeafs zone.
1:26 of 3rd period - Matt Duchene is hit by Drew Doughty.
2:40 of 3rd period - Shot by Oliver Ekman-Larsson.
2:40 of 3rd period - Shot Misses the Net.
2:42 of 3rd period - Shot by Oliver Ekman-Larsson.
2:42 of 3rd period - Shot Misses the Net.
2:44 of 3rd period - Shot by Dan Girardi.
2:44 of 3rd period - Shot Misses the Net.
2:56 of 3rd period - Shot by Dan Girardi.
2:56 of 3rd period - Shot Misses the Net.
3:06 of 3rd period - Shot by Matt Duchene.
3:06 of 3rd period - Stopped by Ryan Miller without a rebound.
3:07 of 3rd period - Matt Duchene wins face-off versus Ryan Carter in MapleLeafs zone.
3:46 of 3rd period - Shot by Ryan Callahan.
3:46 of 3rd period - Shot Misses the Net.
3:48 of 3rd period - Shot by Patrick Marleau.
3:48 of 3rd period - Shot Blocked by Johnny Oduya.
3:50 of 3rd period - Shot by Greg Zanon.
3:50 of 3rd period - Stopped by Ondrej Pavelec without a rebound.
3:51 of 3rd period - Vincent Lecavalier wins face-off versus Matt Duchene in Sabres zone.
3:57 of 3rd period - Off-side.
3:58 of 3rd period - Matt Duchene wins face-off versus Vincent Lecavalier in neutral zone.
4:08 of 3rd period - Icing by Hal Gill.
4:09 of 3rd period - Vincent Lecavalier wins face-off versus Mike Fisher in MapleLeafs zone.
4:09 of 3rd period - Vincent Lecavalier is hit by Evander Kane.
4:20 of 3rd period - Minor Penalty to Dan Girardi for Roughing.
4:21 of 3rd period - Daniel Winnik wins face-off versus Evgeni Malkin in Sabres zone.
4:21 of 3rd period - Oliver Ekman-Larsson is hit by Patrick Marleau and loses puck.
4:26 of 3rd period - Shot by Nick Leddy.
4:26 of 3rd period - Stopped by Ondrej Pavelec without a rebound.
4:27 of 3rd period - Evgeni Malkin wins face-off versus Mike Fisher in Sabres zone.
6:01 of 3rd period - Shot by Drew Doughty.
6:01 of 3rd period - Shot Blocked by Kevin Klein.
6:09 of 3rd period - Shot by Greg Zanon.
6:09 of 3rd period - Shot Blocked by Kevin Klein.
6:11 of 3rd period - Shot by Greg Zanon.
6:11 of 3rd period - Stopped by Ondrej Pavelec without a rebound.
6:12 of 3rd period - Paul Gaustad wins face-off versus Derek Dorsett in Sabres zone.
6:26 of 3rd period - Icing by Dan Girardi.
6:27 of 3rd period - Vernon Fiddler wins face-off versus Matt Duchene in Sabres zone.
6:27 of 3rd period - Raffi Torres is hit by Dan Girardi and loses puck.
6:43 of 3rd period - Icing by Hal Gill.
6:44 of 3rd period - Tom Pyatt wins face-off versus Steve Sullivan in MapleLeafs zone.
7:03 of 3rd period - Shot by Raffi Torres.
7:03 of 3rd period - Shot Blocked by Brad Stuart.
7:24 of 3rd period - Off-side.
7:25 of 3rd period - Matt Duchene wins face-off versus Vincent Lecavalier in neutral zone.
7:28 of 3rd period - Derek Dorsett is hit by Troy Brouwer.
8:17 of 3rd period - Icing by Adam Henrique.
8:18 of 3rd period - Vincent Lecavalier wins face-off versus Mike Fisher in MapleLeafs zone.
10:06 of 3rd period - Shot by Steve Sullivan.
10:06 of 3rd period - Stopped by Ondrej Pavelec with a rebound.
10:18 of 3rd period - Shot by Raffi Torres.
10:18 of 3rd period - Shot Misses the Net.
10:33 of 3rd period - Shot by Matt Duchene.
10:33 of 3rd period - Stopped by Ryan Miller without a rebound.
10:34 of 3rd period - Mike Fisher wins face-off versus Vincent Lecavalier in MapleLeafs zone.
11:41 of 3rd period - Off-side.
11:42 of 3rd period - Vernon Fiddler wins face-off versus Matt Duchene in neutral zone.
11:46 of 3rd period - Shot by Steve Sullivan.
11:46 of 3rd period - Stopped by Ondrej Pavelec without a rebound.
11:47 of 3rd period - Matt Duchene wins face-off versus Vernon Fiddler in Sabres zone.
11:52 of 3rd period - Greg Zanon is hit by Troy Brouwer and loses puck.
12:00 of 3rd period - Shot by Troy Brouwer.
12:00 of 3rd period - Shot Misses the Net.
12:17 of 3rd period - Thomas Vanek is hit by Greg Zanon and loses puck.
12:20 of 3rd period - Shot by Brad Stuart.
12:20 of 3rd period - Stopped by Ryan Miller without a rebound.
12:21 of 3rd period - Paul Gaustad wins face-off versus Patrick Marleau in MapleLeafs zone.
12:39 of 3rd period - Minor Penalty to Ryan Callahan for Hooking.
12:40 of 3rd period - Mike Fisher wins face-off versus Vernon Fiddler in MapleLeafs zone.
12:43 of 3rd period - Shot by Jason Pominville.
12:43 of 3rd period - Deflect By Evander Kane.
12:43 of 3rd period - Stopped by Ryan Miller without a rebound.
12:44 of 3rd period - Matt Duchene wins face-off versus Vernon Fiddler in MapleLeafs zone.
12:53 of 3rd period - Shot by Thomas Vanek.
12:53 of 3rd period - Stopped by Ryan Miller without a rebound.
12:54 of 3rd period - Vernon Fiddler wins face-off versus Matt Duchene in MapleLeafs zone.
12:54 of 3rd period - Vernon Fiddler is hit by Matt Duchene.
13:21 of 3rd period - Shot by Oliver Ekman-Larsson.
13:21 of 3rd period - Shot Misses the Net.
13:23 of 3rd period - Shot by Matt Duchene.
13:23 of 3rd period - Stopped by Ryan Miller without a rebound.
13:24 of 3rd period - Mike Fisher wins face-off versus Ryan Carter in MapleLeafs zone.
13:24 of 3rd period - Mike Fisher is hit by Drew Doughty.
13:54 of 3rd period - Mike Fisher is hit by Rostislav Klesla and loses puck.
13:57 of 3rd period - Shot by Tyler Myers.
13:57 of 3rd period - Shot Misses the Net.
13:59 of 3rd period - Shot by Evander Kane.
13:59 of 3rd period - Shot Misses the Net.
14:01 of 3rd period - Shot by Kevin Klein.
14:01 of 3rd period - Stopped by Ryan Miller without a rebound.
14:02 of 3rd period - Adam Henrique wins face-off versus Matt Duchene in MapleLeafs zone.
14:43 of 3rd period - Shot by Tyler Myers.
14:43 of 3rd period - Stopped by Ryan Miller without a rebound.
14:44 of 3rd period - Mike Fisher wins face-off versus Evgeni Malkin in MapleLeafs zone.
15:23 of 3rd period - Shot by Brad Stuart.
15:23 of 3rd period - Stopped by Ryan Miller without a rebound.
15:24 of 3rd period - Vincent Lecavalier wins face-off versus Matt Duchene in MapleLeafs zone.
15:56 of 3rd period - Shot by Adam Henrique.
15:56 of 3rd period - Shot Blocked by Dan Girardi.
16:05 of 3rd period - Dan Girardi is hit by Derek Dorsett and loses puck.
16:25 of 3rd period - Raffi Torres is hit by Dan Girardi and loses puck.
17:12 of 3rd period - Steve Sullivan is hit by Tyler Myers.
17:31 of 3rd period - Patrick Marleau is hit by Tyler Myers and loses puck.
17:40 of 3rd period - Shot by Ryan Callahan.
17:40 of 3rd period - Shot Misses the Net.
17:42 of 3rd period - Shot by Nick Leddy.
17:42 of 3rd period - Shot Misses the Net.
17:52 of 3rd period - Brian Lashoff is hit by Evander Kane and loses puck.
17:58 of 3rd period - Nick Leddy is hit by Tyler Myers and loses puck.
18:17 of 3rd period - Off-side.
18:18 of 3rd period - Vincent Lecavalier wins face-off versus Paul Gaustad in neutral zone.
19:21 of 3rd period - Greg Zanon is hit by Troy Brouwer and loses puck.
19:54 of 3rd period - Shot by Patrick Marleau.
19:54 of 3rd period - Shot Blocked by Dan Girardi.
Goals for this period are 0 for Sabres vs 0 for MapleLeafs.
Shots for this period are 11 for Sabres vs 5 for MapleLeafs.


Output by the SimonT Hockey Simulator (STHS) for Stephane Roy -- Original Page W3C XHTML 1.0 Valid
Hockey Simulator - Hockey Simulation - Hockey Manager